 Dungeon Crawl Stone Soup version 0.30-a0-311-gf115ab0292 (webtiles) character file.

Game seed: 4475767348585290131

33 Hubris850 the Vexing (level 3, 0/20 HPs)
             Began as a Deep Elf Hexslinger on Oct 25, 2022.
             Slain by an adder (2 damage)
             ... on level 2 of the Dungeon.
             The game lasted 00:02:46 (1203 turns).

Hubris850 the Vexing (Deep Elf Hexslinger)          Turns: 1203, Time: 00:02:47

Health: 0/20       AC:  2    Str:  7    XL:     3   Next: 12%
Magic:  8/8        EV: 13    Int: 17    God:
Gold:   98         SH:  0    Dex: 17    Spells: 5/6 levels left

rFire   . . .      SeeInvis .    a - +1 sling
rCold   . . .      Faith    .    (no shield)
rNeg    . . .      Spirit   .    c - +0 robe
rPois   .          Reflect  .    (no helmet)
rElec   .          Harm     .    (no cloak)
rCorr   .          Rampage  .    (no gloves)
Will    .....                    (no boots)
Stlth   ++........               (no amulet)
HPRegen 0.23/turn                (no ring)
MPRegen 0.11/turn                (no ring)

@: lethally poisoned (0 -> -8), flying
A: no striking features
a: no special abilities


You were on level 2 of the Dungeon.
You visited 1 branch of the dungeon, and saw 2 of its levels.

You collected 98 gold pieces.

Inventory:

Hand Weapons
 a - a +1 sling (weapon)
Armour
 c - a +0 robe (worn)
Scrolls
 b - a scroll of poison
 d - a scroll of fear {unknown}
 e - a scroll of identify {unknown}
 g - 2 scrolls of blinking {unknown}
 h - a scroll of enchant armour {unknown}
 i - a scroll of brand weapon {unknown}
 j - 2 scrolls of teleportation {unknown}
 k - a scroll of enchant weapon {unknown}
Potions
 l - 2 potions of attraction {unknown}


   Skills:
 - Level 0.7 Fighting
 + Level 3.2 Ranged Weapons
 + Level 2.9 Dodging
 + Level 1.5 Stealth
 + Level 2.2 Spellcasting
 + Level 4.4 Hexes


You had 5 spell levels left.
You knew the following spells:

 Your Spells              Type           Power      Damage    Failure   Level
a - Slow                  Hex            64%        N/A       3%          1

Your spell library contained the following spells:

 Spells                   Type           Power      Damage    Failure   Level
 Inner Flame              Hex/Fire       9%         N/A       22%         3
 Portal Projectile        Hex/Tloc       18%        N/A       22%         3
 Cause Fear               Hex            8%         N/A       30%         4


Dungeon Overview and Level Annotations

Branches:
Dungeon (2/15)

Altars:
Ashenzari


Message History

There is a stone staircase leading down here.
You now have 98 gold pieces (gained 3).
An adder comes into view.
You shoot a sling bullet.
The sling bullet hits the adder but does no damage.
You shoot a sling bullet.
The sling bullet hits the adder but does no damage.
The adder bites you.
You are poisoned.
The adder poisons you! The adder bites you.
You shoot a sling bullet. The sling bullet hits the adder.
The adder is moderately wounded.
You feel sick. The adder barely misses you. The adder closely misses you.
You shoot a sling bullet. The sling bullet hits the adder.
The adder is moderately wounded.
You feel sick. The adder completely misses you.
You shoot a sling bullet. The sling bullet hits the adder!
The adder is almost dead.
You feel sick. The adder bites you. x2
* * * LOW HITPOINT WARNING * * *
You are lethally poisoned!
The adder poisons you!
You are too injured to fight recklessly!
Fire: a) +1 sling
Press: ? - help, Q - select action, (/) - cycle Shift-Dir - straight line, f/p - adder
Aim: an adder (almost dead, 40% to hit)
You shoot a sling bullet.
The sling bullet hits the adder but does no damage.
The adder is almost dead.
* * * LOW HITPOINT WARNING * * *
You feel sick. The adder barely misses you.
It was a potion of flight.
You feel very buoyant.
You fly up into the air.
* * * LOW HITPOINT WARNING * * *
You feel sick. The adder bites you.
* * * LOW HITPOINT WARNING * * *
You are more poisoned.
The adder poisons you! The adder bites you.
You die...

# ##.......##
##..._..#
##....>##
##.....#
##...##
#.....# #+##
###.#.#
#########...#
#.......#.###
####.#####.#.#
......S.##.#.#
#@##.#.#
#......#
####.### ...#
##### #.
########.#


You could see an adder.

Vanquished Creatures
  An adder (D:2)
  A dart slug (D:1)
  3 bats (D:1)
  An endoplasm (D:1)
  A goblin (D:1)
  4 hobgoblins
  A quokka (D:2)
  3 ball pythons
  A frilled lizard (D:1)
  7 rats
23 creatures vanquished.

Notes
Turn   | Place    | Note
-------+----------+-------------------------------------------
     0 | D:1      | Hubris850 the Deep Elf Hexslinger began the quest for the
                  | Orb.
     0 | D:1      | Reached XP level 1. HP: 11/11 MP: 5/5
    51 | D:1      | Found a faded altar of an unknown god.
   219 | D:1      | Reached XP level 2. HP: 10/16 MP: 6/6
   315 | D:1      | Reached skill level 1 in Stealth
   785 | D:2      | Reached XP level 3. HP: 20/20 MP: 8/8
  1138 | D:2      | Found a broken altar of Ashenzari.
  1203 | D:2      | Slain by an adder

Illustrated notes

Levels and vault maps discovered:
D:1:      lemuel_arrival_room, layout_basic,
          shapermc_ecumenical_altar_acropolis, reono_crystal_passage
D:2:      layout_loops_corners, basic_altar

Skill      XL: |  1  2 |
---------------+-------+-----
Ranged Weapons | 3 |  3.2
Stealth        | 1 |  1.5
Spellcasting   | 2 |  2.2
Fighting       | |  0.7
Dodging        | |  2.9
Hexes          | |  4.4

Action                   || total
-------------------------++-------
 Fire: Sling             ||    53
 Cast: Slow              ||     2
  Use: Potion            ||     1
Armor: Robe              ||     3
Dodge: Dodged            ||    10

Table legend: (Time is in decaauts)
 A = Elapsed time spent in this place.
 B = Non-inter-level travel time spent in this place.
 C = Inter-level travel time spent in this place.
 D = Time resting spent in this place.
 E = Time spent auto-exploring this place.
 F = Levels seen in this place.
 G = Mean time per level.
                   A        B        C        D        E       F      G
               +--------+--------+--------+--------+--------+-----+--------+
         Total |   1217 |   1213 |      4 |      0 |   1093 |   2 |  608.5 |
       Dungeon |   1217 |   1213 |      4 |      0 |   1093 |   2 |  608.5 |
               +--------+--------+--------+--------+--------+-----+--------+

Top non-repeatable levels by time:
     D:1: 684 daAuts
     D:2: 532 daAuts
